 Dungeon Crawl Stone Soup version 0.32-a0-918-g0f22ef8d61 (webtiles) character file.

Game seed: 8839537999528947197

126 Ofeo the Sneak (level 5, -5/40 HPs)
             Began as a Coglin Brigand on Apr 11, 2024.
             Was a Believer of Qazlal.
             Slain by a gnoll sergeant
             ... wielding a +2 heavy spear
              (7 damage)
             ... on level 2 of the Dungeon.
             The game lasted 00:01:42 (1766 turns).

Ofeo the Sneak (Coglin Brigand)                     Turns: 1766, Time: 00:01:43

Health: -5/40      AC:  7    Str: 12    XL:     5   Next: 10%
Magic:  5/5        EV: 10    Int: 10    God:    Qazlal [**....]
Gold:   56         SH:  3    Dex: 17    Spells: 4/4 levels left

rFire   . . .        a - +2 dagger {Choonhe}
rCold   . . .        m - +0 rapier {Zarja}
rNeg    . . .        o - +0 ring mail
rPois   .            (no helmet)
rElec   .            c - +0 cloak
rCorr   .            (no gloves)
SInv    .            n - +0 pair of boots
Will    .....        (amulet unavailable)
Stlth   ++           (ring unavailable)
HPRegen 0.26/turn    (ring unavailable)
MPRegen 0.09/turn    (no gizmo)

%: no passive effects
@: brilliant, hasted, invisible, revved, very quick
A: off-hand wielding, slow wielding, warmup strikes, no jewellery
a: Invent Gizmo, Renounce Religion, Upheaval


You were on level 2 of the Dungeon.
You worshipped Qazlal.
Qazlal was pleased with you.
You visited 1 branch of the dungeon, and saw 2 of its levels.

You collected 56 gold pieces.

Inventory:

Hand Weapons
 a - a +2 dagger (weapon) {Choonhe}
 f - a +0 dagger {Mei}
 m - a +0 rapier (offhand) {Zarja}
Missiles
 d - 9 poisoned darts (quivered)
 e - 3 curare-tipped darts
Armour
 b - a +0 robe
 c - a +0 cloak (worn)
 n - a +0 pair of boots (worn)
 o - a +0 ring mail (worn)
Scrolls
 g - a scroll of immolation {unknown}
 i - a scroll of poison {unknown}
Potions
 h - a potion of brilliance
 l - a potion of degeneration {unknown}


   Skills:
 + Level 2.8 Fighting
 + Level 2.5 Short Blades
 + Level 2.5 Throwing
 + Level 2.0 Dodging
 + Level 3.8 Stealth


You had 4 spell levels left.
You didn't know any spells.
Your spell library contained the following spells:

 Spells                   Type           Power      Damage    Failure   Level
 Lesser Beckoning         Tloc           0%         N/A       78%         2
 Call Canine Familiar     Summ           0%         N/A       95%         3
 Maxwell's Portable Pile  Tloc           0%         2d(5-13)  95%         3
 Sigil of Binding         Hex            0%         N/A       95%         3
 Teleport Other           Tloc           0%         N/A       95%         3
 Dimensional Bullseye     Hex/Tloc       0%         N/A       100%        4


Dungeon Overview and Level Annotations

Branches:
Dungeon (2/15)

Altars:
Qazlal


Innate Abilities, Weirdness & Mutations

You can wield a second weapon in your off-hand.
It takes a long time for you to wield or remove held weapons.
Your first few attacks do less damage.
You cannot equip rings or amulets.


Message History

You take 8 damage, and have 24/40 hp.
You hit the gnoll sergeant but do no damage. x2
The gnoll is engulfed in a thunderstorm.
You kill the gnoll!
Qazlal accepts your kill.
You are too injured to fight recklessly!
You strike the helpless gnoll sergeant from behind!
You puncture the gnoll sergeant with your +0 rapier!
The gnoll sergeant is moderately wounded.
You hit the gnoll sergeant but do no damage.
The gnoll sergeant hits you but does no damage.
You are too injured to fight recklessly!
You are too injured to fight recklessly!
You hit the gnoll sergeant with your +0 rapier.
The gnoll sergeant is heavily wounded.
You barely miss the gnoll sergeant with your +2 dagger.
The gnoll sergeant hits you with a +2 heavy spear.
You are too injured to fight recklessly!
You take 2 damage, and have 22/40 hp.
The gnoll sergeant blocks your attack.
The gnoll sergeant is heavily wounded.
You hit the gnoll sergeant but do no damage.
You catch the helpless gnoll sergeant completely off-guard!
You hit the gnoll sergeant with your +0 rapier.
The gnoll sergeant is heavily wounded.
You hit the gnoll sergeant with your +2 dagger.
The gnoll sergeant hits you with a +2 heavy spear!
You take 9 damage, and have 13/40 hp.
MASSIVE DAMAGE!!
You hit the gnoll sergeant but do no damage.
The gnoll sergeant is heavily wounded.
You hit the gnoll sergeant but do no damage.
You hit the gnoll sergeant but do no damage.
The gnoll sergeant is heavily wounded.
You completely miss the gnoll sergeant with your +0 rapier.
The gnoll sergeant hits you with a +2 heavy spear!
* * * LOW HITPOINT WARNING * * *
You take 11 damage, and have 2/40 hp.
MASSIVE DAMAGE!!
It was a potion of haste.
You feel yourself speed up.
The gnoll sergeant hits you with a +2 heavy spear!
You die...

♣)♣ #.#.#....#. ♣♣.♣♣
#.#.#.##### ♣..)♣
##.###...... ♣♣...♣♣
#........... ♣.....♣
##...##..)). ♣♣)..♣.♣♣
#...##.....
♣♣..♣....♣♣#...##.....
♣........)♣#...##.....
♣.###@###.♣#...##.....
♣.#.§g).#.♣#...##.....
♣)#.....#.♣#...##.....
♣♣#..)..#♣♣#...#######
###.### #...# ###
#####


You could see a gnoll sergeant (unable to see you).

Vanquished Creatures
  3 adders (D:2)
  5 gnolls (D:2)
  2 dart slugs
  4 bats (D:1)
  6 endoplasms
  2 giant cockroaches
  2 goblins
  6 hobgoblins
  4 jackals (D:1)
  3 ball pythons (D:1)
  A frilled lizard (D:2)
  5 kobolds
  2 rats
45 creatures vanquished.

Notes
Turn   | Place    | Note
-------+----------+-------------------------------------------
     0 | D:1      | Ofeo the Coglin Brigand began the quest for the Orb.
     0 | D:1      | Reached XP level 1. HP: 16/16 MP: 1/1
    11 | D:1      | Found a faded altar of an unknown god.
   254 | D:1      | Prayed at the altar of an unknown god.
   254 | D:1      | Became a worshipper of Qazlal Stormbringer
   254 | D:1      | Reached * piety under Qazlal
   325 | D:1      | Reached skill level 1 in Dodging
   337 | D:1      | Reached XP level 2. HP: 14/22 MP: 2/2
   602 | D:1      | Reached XP level 3. HP: 22/27 MP: 3/3
   999 | D:2      | Reached ** piety under Qazlal
  1294 | D:2      | Reached XP level 4. HP: 23/34 MP: 4/4
  1749 | D:2      | Reached XP level 5. HP: 29/40 MP: 5/5
  1757 | D:2      | Found the +5 woodcutter's axe
  1765 | D:2      | HP: 2/40 [gnoll sergeant/+2 heavy spear (12)]
  1766 | D:2      | Slain by a gnoll sergeant

Illustrated notes

Levels and vault maps discovered:
D:1:      lightli_arrival_statuegarden, layout_loops_ring,
          shapermc_ecumenical_altar_totnotflames
D:2:      layout_basic, pf_guarded_unrand_woodcutter

Skill      XL: |  1  2  3  4 |
---------------+-------------+-----
Dodging        | 1 2 |  2.0
Short Blades   | 2 |  2.5
Throwing       | 2 |  2.5
Fighting       | |  2.8
Stealth        | |  3.8

Action                     |  1- 3 |  4- 6 || total
---------------------------+-------+-------++-------
  Melee: Dagger            |   120 |    32 ||   152
         Rapier            |       |    34 ||    34
    Use: Potion            |       |     3 ||     3
   Stab: Invisible         |       |     4 ||     4
 Armour: Robe              |    28 |     4 ||    32
         Ring mail         |       |    14 ||    14
  Dodge: Dodged            |    46 |    16 ||    62
  Block: Other             |     2 |     1 ||     3

Table legend: (Time is in decaauts)
 A = Elapsed time spent in this place.
 B = Non-inter-level travel time spent in this place.
 C = Inter-level travel time spent in this place.
 D = Time resting spent in this place.
 E = Time spent auto-exploring this place.
 F = Levels seen in this place.
 G = Mean time per level.
                   A        B        C        D        E       F      G
               +--------+--------+--------+--------+--------+-----+--------+
         Total |   1757 |   1658 |     99 |      0 |   1332 |   2 |  878.5 |
       Dungeon |   1757 |   1658 |     99 |      0 |   1332 |   2 |  878.5 |
               +--------+--------+--------+--------+--------+-----+--------+

Top non-repeatable levels by time:
     D:1: 979 daAuts
     D:2: 777 daAuts
